TOP OF THE 1ST |
Oklahoma State Cowboys batting - Pitching for South Florida Bulls : RHP José Deleón
|
Pitching: RHP José Deleón
|
|
Batting: RHB Mark McCullough
|
0-0: SINGLE (Groundball, 6D)
|
Batting: RHB Earnest Maldonado
|
0-0: Ball 1-0: Ball 2-0: Called Strike 2-1: Foul Ball, location: 2F 2-2: Strikes out swinging
|
Batting: RHB Jack Hollon
|
0-0: Swinging Strike 0-1: Swinging Strike 0-2: Ball 1-2: Strikes out looking
|
Batting: RHB Mark Hart
|
0-0: Ball 1-0: Foul Ball, location: 2F 1-1: Foul Ball, location: 2F 1-2: Strikes out swinging
|
Top of the 1st over - 0 run(s), 1 hit(s), 0 error(s), 1 left on base; Oklahoma State 0 - South Florida 0 |
BOTTOM OF THE 1ST |
South Florida Bulls batting - Pitching for Oklahoma State Cowboys : RHP Lance Britt
|
Pitching: RHP Lance Britt
|
|
Batting: LHB Bob Bush
|
0-0: Ball 1-0: Swinging Strike 1-1: Called Strike 1-2: Foul Ball, location: 2F 1-2: Strikes out swinging
|
Batting: RHB Leonardo Sinisterra
|
0-0: Ball 1-0: Ball 2-0: Ground out 6-3 (Groundball, 6M)
|
Batting: RHB Millard Walker
|
0-0: Ball 1-0: Fly out, F8 (Flyball, 78D)
|
Bottom of the 1st over - 0 run(s), 0 hit(s), 0 error(s), 0 left on base; Oklahoma State 0 - South Florida 0 |
TOP OF THE 2ND |
Oklahoma State Cowboys batting - Pitching for South Florida Bulls : RHP José Deleón
|
Batting: SHB John Hill
|
0-0: Foul Ball, location: 2F 0-1: Ball 1-1: Ball 2-1: SINGLE (Flyball, 6MD)
|
Batting: RHB Jack Bradley
|
0-0: Ball 1-0: Foul Ball, location: 2F 1-1: SINGLE (Line Drive, 8LS) John Hill to second
|
Batting: RHB David Alonso
|
0-0: Ball 1-0: Swinging Strike 1-1: Called Strike 1-2: Strikes out swinging
|
Batting: RHB Adrián López
|
0-0: Fielders Choice at 2nd, 6-4 (Groundball, 6M) John Hill to third
|
Batting: RHB Henry Jackson
|
0-0: Called Strike 0-1: Ball 1-1: Ball 2-1: Fly out, F2 (Popup, 2RF)
|
Top of the 2nd over - 0 run(s), 2 hit(s), 0 error(s), 2 left on base; Oklahoma State 0 - South Florida 0 |
BOTTOM OF THE 2ND |
South Florida Bulls batting - Pitching for Oklahoma State Cowboys : RHP Lance Britt
|
Batting: RHB Mark Parker
|
0-0: Swinging Strike 0-1: Ball 1-1: Ball 2-1: SINGLE (Line Drive, 8RS)
|
Batting: RHB Jon Krohne
|
0-0: Ball 1-0: Grounds into double play, 1-6-3 (Groundball, 13)
|
Batting: LHB Weston Chaney
|
0-0: Called Strike 0-1: SOLO HOME RUN (Flyball, 78XD), Distance : 364 ft
|
Batting: SHB Michael Field
|
0-0: SINGLE (Groundball, 2L) (infield hit)
|
Batting: RHB Keith Stimson
|
0-0: Ball 1-0: Called Strike 1-1: Swinging Strike 1-2: Foul Ball, location: 2F 1-2: Strikes out swinging
|
Bottom of the 2nd over - 1 run(s), 3 hit(s), 0 error(s), 1 left on base; Oklahoma State 0 - South Florida 1 |
TOP OF THE 3RD |
Oklahoma State Cowboys batting - Pitching for South Florida Bulls : RHP José Deleón
|
Batting: RHB Mark McCullough
|
0-0: Ball 1-0: Ball 2-0: Ball 3-0: Base on Balls
|
Batting: RHB Earnest Maldonado
|
0-0: Ball 1-0: Called Strike 1-1: Ball 2-1: Foul Ball, location: 2F 2-2: Ball 3-2: Hit by Pitch Mark McCullough to second
|
Batting: RHB Jack Hollon
|
0-0: Ball 1-0: Fly out, F7 (Flyball, 78M)
|
Batting: RHB Mark Hart
|
0-0: Grounds into double play, 5-4-3 (Groundball, 56)
|
Top of the 3rd over - 0 run(s), 0 hit(s), 0 error(s), 1 left on base; Oklahoma State 0 - South Florida 1 |
BOTTOM OF THE 3RD |
South Florida Bulls batting - Pitching for Oklahoma State Cowboys : RHP Lance Britt
|
Batting: LHB Bob Jacobs
|
0-0: Ball 1-0: Fly out, F8 (Popup, 6MD)
|
Batting: LHB Bob Bush
|
0-0: Swinging Strike 0-1: Swinging Strike 0-2: Ball 1-2: Ground out U3 (Groundball, 3)
|
Batting: RHB Leonardo Sinisterra
|
0-0: Called Strike 0-1: Ground out 6-3 (Groundball, 6M)
|
Bottom of the 3rd over - 0 run(s), 0 hit(s), 0 error(s), 0 left on base; Oklahoma State 0 - South Florida 1 |
TOP OF THE 4TH |
Oklahoma State Cowboys batting - Pitching for South Florida Bulls : RHP José Deleón
|
Batting: SHB John Hill
|
0-0: DOUBLE (Line Drive, 9LS)
|
Batting: RHB Jack Bradley
|
0-0: Hit by Pitch
|
Batting: RHB David Alonso
|
0-0: Ball 1-0: Foul Ball, location: 2F 1-1: Foul Ball, location: 2F 1-2: Foul Ball, location: 2F 1-2: Ball 2-2: Ball 3-2: Strikes out swinging
|
Batting: RHB Adrián López
|
0-0: Ball 1-0: Ball 2-0: Called Strike 2-1: Foul Ball, location: 2F 2-2: Foul Ball, location: 2F 2-2: Ball 3-2: Strikes out swinging
|
Batting: RHB Henry Jackson
|
0-0: Called Strike 0-1: Foul Ball, location: 2F 0-2: Ball 1-2: Strikes out swinging
|
Top of the 4th over - 0 run(s), 1 hit(s), 0 error(s), 2 left on base; Oklahoma State 0 - South Florida 1 |
BOTTOM OF THE 4TH |
South Florida Bulls batting - Pitching for Oklahoma State Cowboys : RHP Lance Britt
|
Batting: RHB Millard Walker
|
0-0: Called Strike 0-1: Foul Ball, location: 2F 0-2: Ball 1-2: Ball 2-2: Fly out, F8 (Flyball, 8LM)
|
Batting: RHB Mark Parker
|
0-0: Foul Ball, location: 2F 0-1: Called Strike 0-2: Foul Ball, location: 2F 0-2: Fly out, F9 (Line Drive, 9S)
|
Batting: RHB Jon Krohne
|
0-0: Ball 1-0: Called Strike 1-1: Fly out, F9 (Flyball, 89D)
|
Bottom of the 4th over - 0 run(s), 0 hit(s), 0 error(s), 0 left on base; Oklahoma State 0 - South Florida 1 |
TOP OF THE 5TH |
Oklahoma State Cowboys batting - Pitching for South Florida Bulls : RHP José Deleón
|
Batting: RHB Mark McCullough
|
0-0: Ball 1-0: Called Strike 1-1: Ground out 1-3 (Groundball, 13)
|
Batting: RHB Earnest Maldonado
|
0-0: Called Strike 0-1: Ball 1-1: Called Strike 1-2: Strikes out swinging
|
Batting: RHB Jack Hollon
|
0-0: Called Strike 0-1: Called Strike 0-2: Foul Ball, location: 2F 0-2: Ball 1-2: Ground out 1-3 (Groundball, 15)
|
Top of the 5th over - 0 run(s), 0 hit(s), 0 error(s), 0 left on base; Oklahoma State 0 - South Florida 1 |
BOTTOM OF THE 5TH |
South Florida Bulls batting - Pitching for Oklahoma State Cowboys : RHP Lance Britt
|
Batting: LHB Weston Chaney
|
0-0: Called Strike 0-1: Ball 1-1: Foul Ball, location: 2F 1-2: SOLO HOME RUN (Line Drive, 9D), Distance : 361 ft
|
Batting: SHB Michael Field
|
0-0: Ball 1-0: Foul Ball, location: 2F 1-1: Ground out U3 (Groundball, 3)
|
Batting: RHB Keith Stimson
|
0-0: Ball 1-0: Called Strike 1-1: SOLO HOME RUN (Flyball, 7LD), Distance : 315 ft
|
Batting: LHB Bob Jacobs
|
0-0: Called Strike 0-1: Ball 1-1: Fly out, F8 (Flyball, 8LM)
|
Batting: LHB Bob Bush
|
0-0: Ball 1-0: Called Strike 1-1: Foul Ball, location: 2F 1-2: TRIPLE (Line Drive, 3D)
|
Batting: RHB Leonardo Sinisterra
|
0-0: Ball 1-0: Fly out, F7 (Flyball, 7M)
|
Bottom of the 5th over - 2 run(s), 3 hit(s), 0 error(s), 1 left on base; Oklahoma State 0 - South Florida 3 |
TOP OF THE 6TH |
Oklahoma State Cowboys batting - Pitching for South Florida Bulls : RHP José Deleón
|
Batting: RHB Mark Hart
|
0-0: Ball 1-0: Foul Ball, location: 2F 1-1: Ball 2-1: SINGLE (Groundball, 6MD) (infield hit)
|
Batting: SHB John Hill
|
0-0: Ball 1-0: 2-RUN HOME RUN (Flyball, 9D), Distance : 368 ft
|
Pitching: RHP Mark Looper
|
|
Batting: RHB Jack Bradley
|
0-0: Called Strike 0-1: Ground out 5-3 (Groundball, 5)
|
Batting: RHB David Alonso
|
0-0: Ball 1-0: Ball 2-0: Foul Ball, location: 2F 2-1: Ball 3-1: Base on Balls
|
Batting: RHB Adrián López
|
0-0: Ball 1-0: Ground out 5-3 (Groundball, 56) David Alonso to second
|
Batting: RHB Henry Jackson
|
0-0: Called Strike 0-1: Foul Ball, location: 2F 0-2: Ball 1-2: Strikes out swinging
|
Top of the 6th over - 2 run(s), 2 hit(s), 0 error(s), 1 left on base; Oklahoma State 2 - South Florida 3 |
BOTTOM OF THE 6TH |
South Florida Bulls batting - Pitching for Oklahoma State Cowboys : RHP Lance Britt
|
Batting: RHB Millard Walker
|
0-0: Foul Ball, location: 2F 0-1: SOLO HOME RUN (Flyball, 78XD), Distance : 383 ft
|
Batting: RHB Mark Parker
|
0-0: Called Strike 0-1: Called Strike 0-2: SINGLE (Groundball, 6M)
|
Batting: RHB Jon Krohne
|
0-0: Fly out, F5 (Popup, 25)
|
Batting: LHB Weston Chaney
|
0-0: Ball 1-0: Ball 2-0: Ball 3-0: Called Strike 3-1: Base on Balls Mark Parker to second
|
Batting: SHB Michael Field
|
0-0: Fly out, F8 (Flyball, 8LS)
|
Batting: RHB Keith Stimson
|
0-0: Ball 1-0: Foul Ball, location: 2F 1-1: Called Strike 1-2: 3-RUN HOME RUN (Flyball, 7LD), Distance : 334 ft
|
Batting: LHB Bob Jacobs
|
0-0: Ball 1-0: Ground out U3 (Groundball, 3S)
|
Bottom of the 6th over - 4 run(s), 3 hit(s), 0 error(s), 0 left on base; Oklahoma State 2 - South Florida 7 |
TOP OF THE 7TH |
Oklahoma State Cowboys batting - Pitching for South Florida Bulls : RHP Mark Looper
|
Batting: RHB Mark McCullough
|
0-0: Foul Ball, location: 2F 0-1: Ball 1-1: Fly out, F8 (Flyball, 8RM)
|
Batting: RHB Earnest Maldonado
|
0-0: Called Strike 0-1: Ball 1-1: Foul Ball, location: 2F 1-2: Strikes out swinging
|
Batting: RHB Jack Hollon
|
0-0: Ball 1-0: Fly out, F9 (Flyball, 89S)
|
Top of the 7th over - 0 run(s), 0 hit(s), 0 error(s), 0 left on base; Oklahoma State 2 - South Florida 7 |
BOTTOM OF THE 7TH |
South Florida Bulls batting - Pitching for Oklahoma State Cowboys : RHP Lance Britt
|
Pitching: RHP R.J. Hull
|
|
Batting: LHB Bob Bush
|
0-0: Ground out 3-1 (Groundball, 34S)
|
Batting: RHB Leonardo Sinisterra
|
0-0: Called Strike 0-1: Foul Ball, location: 2F 0-2: Strikes out swinging
|
Batting: RHB Millard Walker
|
0-0: Ball 1-0: SINGLE (Groundball, 6MD)
|
Batting: RHB Mark Parker
|
0-0: Foul Ball, location: 2F 0-1: Ball 1-1: Ball 2-1: Called Strike 2-2: Ball 3-2: TRIPLE (Popup, 9LS) Millard Walker scores
|
Batting: RHB Jon Krohne
|
0-0: Ball 1-0: Called Strike 1-1: Ball 2-1: Called Strike 2-2: Ball 3-2: Foul Ball, location: 2F 3-2: Fly out, F5 (Line Drive, 5S)
|
Bottom of the 7th over - 1 run(s), 2 hit(s), 0 error(s), 1 left on base; Oklahoma State 2 - South Florida 8 |
TOP OF THE 8TH |
Oklahoma State Cowboys batting - Pitching for South Florida Bulls : RHP Mark Looper
|
Pitching: RHP Dong-hua Mei
|
|
Batting: RHB Mark Hart
|
0-0: Foul Ball, location: 2F 0-1: Ball 1-1: SINGLE (Groundball, 6)
|
Batting: SHB John Hill
|
0-0: Ball 1-0: Ball 2-0: Ball 3-0: Base on Balls Mark Hart to second
|
Batting: RHB Jack Bradley
|
0-0: Ground out 5-3 (Groundball, 15S) Mark Hart to third John Hill to second
|
Batting: RHB David Alonso
|
0-0: Called Strike 0-1: Foul Ball, location: 2F 0-2: Ball 1-2: Ball 2-2: Strikes out swinging
|
Batting: RHB Adrián López
|
0-0: Foul Ball, location: 2F 0-1: Foul Ball, location: 2F 0-2: Foul Ball, location: 2F 0-2: Ball 1-2: Ball 2-2: Ball 3-2: Base on Balls
|
Batting: RHB Henry Jackson
|
0-0: Ball 1-0: Ball 2-0: Called Strike 2-1: Foul Ball, location: 2F 2-2: SINGLE (Groundball, 6MD) Mark Hart scores John Hill to third Adrián López to second Runner from 3rd tries for Home, SAFE, no throw or cutoff
|
Pitching: RHP Luis Chávez
|
|
Batting: RHB Mark McCullough
|
0-0: Ball 1-0: Ball 2-0: Called Strike 2-1: Called Strike 2-2: Fly out, F7 (Flyball, 7M)
|
Top of the 8th over - 2 run(s), 2 hit(s), 0 error(s), 2 left on base; Oklahoma State 4 - South Florida 8 |
BOTTOM OF THE 8TH |
South Florida Bulls batting - Pitching for Oklahoma State Cowboys : RHP R.J. Hull
|
Batting: LHB Weston Chaney
|
0-0: Called Strike 0-1: Ball 1-1: Ball 2-1: Ball 3-1: Called Strike 3-2: Base on Balls
|
Batting: SHB Michael Field
|
0-0: Sac Bunt - play at second, runner OUT! 2-6
|
Batting: RHB Keith Stimson
|
0-0: Ball 1-0: Called Strike 1-1: Ball 2-1: Ball 3-1: Swinging Strike 3-2: Base on Balls Michael Field to second
|
Pitching: LHP Aaron Green
|
|
Batting: LHB Bob Jacobs
|
0-0: Called Strike 0-1: Fielders Choice at 2nd, 4-6 (Groundball, 4) Michael Field to third
|
Batting: LHB Bob Bush
|
0-0: Ball 1-0: Foul Ball, location: 2F 1-1: Foul Ball, location: 2F 1-2: Foul Ball, location: 2F 1-2: Strikes out swinging
|
Bottom of the 8th over - 0 run(s), 0 hit(s), 0 error(s), 2 left on base; Oklahoma State 4 - South Florida 8 |
TOP OF THE 9TH |
Oklahoma State Cowboys batting - Pitching for South Florida Bulls : RHP Luis Chávez
|
Batting: RHB Earnest Maldonado
|
0-0: Foul Ball, location: 2F 0-1: Hit by Pitch
|
Batting: RHB Jack Hollon
|
0-0: Ball 1-0: Fly out, F4 (Popup, 4)
|
Batting: RHB Mark Hart
|
0-0: Swinging Strike 0-1: Called Strike 0-2: Fly out, F7 (Line Drive, 7S)
|
Batting: SHB John Hill
|
0-0: Swinging Strike 0-1: Ball 1-1: Ball 2-1: Ball 3-1: Base on Balls Earnest Maldonado to second
|
Pitching: RHP James Waddell
|
|
Batting: RHB Jack Bradley
|
0-0: Called Strike 0-1: Ball 1-1: Ball 2-1: SINGLE (Groundball, 4M) Earnest Maldonado to third John Hill to second Runner from 3rd tries for Home, SAFE, no throw or cutoff
|
Pinch Hitting: LHB Dudley Cooper
|
0-0: Ball 1-0: Ball 2-0: Called Strike 2-1: DOUBLE (Line Drive, 9LM) John Hill scores Jack Bradley to third Runner from 3rd tries for Home, SAFE, no throw or cutoff
|
Batting: RHB Adrián López
|
0-0: Foul Ball, location: 2F 0-1: Ball 1-1: Ball 2-1: Fly out, F3 (Line Drive, 3S)
|
Top of the 9th over - 3 run(s), 2 hit(s), 0 error(s), 1 left on base; Oklahoma State 7 - South Florida 8 |
|